AoeStats
← [JG]Moonjumper

Black Forest

507958321Analyzed
2v2 RM · 11d ago on Sep 20, 2026· 92m 28s· 4 players
Game mode
Random Map
Map size
Medium (4 player)
Population
200
Speed
Normal
Resources
Standard
Victory
Conquest
Starting age
Dark Age
Ending age
Imperial Age
RankedLock teamsTeams togetherTeam positionsShared explorationLock speedFull tech treeHidden civsTurbo modeCheats
Victory
Defeat
🇩🇪 Khmer · Germany
1072
+10
🇩🇪 Franks · Germany
988
+14
🇵🇱 Muisca · Poland
947
-12
🇺🇸 Romans · United States
935
-12
[JG]Moonjumper
1:15 Loom
12:30 Feudal Age
13:29 Double-Bit Axe
13:24 Horse Collar
16:01 Gold Mining
17:12 Forging
17:00 Fletching
17:30 Padded Archer Armor
19:26 Wheelbarrow
19:18 Stone Mining
23:02 Castle Age
23:58 Bow Saw
23:48 Heavy Plow
23:14 Crossbowman
23:59 Thumb Ring
25:01 Hand Cart
34:09 Stone Shaft Mining
34:09 Gold Shaft Mining
36:06 Imperial Age
34:31 Town Watch
35:08 Masonry
35:19 Ballistics
34:57 Bodkin Arrow
35:18 Leather Archer Armor
35:12 Scale Mail Armor
35:22 Forging
36:30 Pikeman
37:13 Squires
38:53 Chain Mail Armor
39:13 Iron Casting
39:41 Hoardings
39:27 Conscription
39:11 Herbalism
41:04 Elite Skirmisher
42:18 Town Patrol
45:31 Elite Temple Guard
45:59 Onager
50:39 Two-Man Saw
50:15 Crop Rotation
49:50 Champi Runner
51:49 Iron Casting
56:31 Plate Mail Armor
73:46 Chemistry
76:46 Capped Ram
78:14 Gold Shaft Mining
86:16 Leather Archer Armor
86:01 Bracer
adam_lomzyca
0:28 Loom
14:13 Feudal Age
16:15 Wheelbarrow
15:24 Horse Collar
15:31 Double-Bit Axe
22:28 Castle Age
20:17 Man-at-Arms
22:13 Forging
22:04 Scale Mail Armor
22:10 Town Watch
23:58 Long Swordsman
24:44 Padded Archer Armor
26:28 Hand Cart
28:42 Bow Saw
29:50 Iron Casting
29:06 Fletching
30:19 Pikeman
31:19 Chain Mail Armor
32:27 Bodkin Arrow
32:49 Stone Mining
32:52 Gold Mining
35:09 Leather Archer Armor
34:18 Elite Skirmisher
35:02 Squires
38:31 Imperial Age
38:33 Halberdier
40:17 Blast Furnace
39:48 Ring Archer Armor
39:27 Ballistas
38:51 Heavy Scorpion
42:49 Scale Barding Armor
43:12 Conscription
43:15 Comitatenses
42:18 Legionary
44:36 Onager
45:15 Capped Ram
48:22 Siege Ram
48:42 Elite Centurion
49:47 Chain Barding Armor
81:15 Plate Barding Armor
DurbanThunder
1:36 Loom
14:13 Feudal Age
17:21 Castle Age
16:05 Horse Collar
16:33 Double-Bit Axe
20:41 Gold Mining
21:32 Town Watch
23:00 Fletching
26:10 Bodkin Arrow
27:38 Bow Saw
27:34 Heavy Plow
28:51 Wheelbarrow
33:13 Imperial Age
32:46 Gold Shaft Mining
33:50 Onager
34:09 Heavy Scorpion
35:11 Conscription
35:46 Hand Cart
35:35 Bracer
37:00 Double Crossbow
40:42 Conscription
40:19 Onager
45:28 Siege Engineers
45:43 Ballistics
45:47 Bloodlines
45:37 Husbandry
44:58 Elite Battle Elephant
45:40 Tusk Swords
49:41 Scale Barding Armor
49:47 Forging
52:47 Crop Rotation
53:29 Light Cavalry
55:41 Chemistry
55:05 Chain Barding Armor
55:21 Iron Casting
55:07 Hussar
56:50 Plate Barding Armor
62:00 Capped Ram
67:08 Caravan
72:47 Siege Ram
82:32 Blast Furnace
86:18 Man-at-Arms
86:45 Arson
87:53 Long Swordsman
88:51 Scale Mail Armor
89:39 Two-Handed Swordsman
CaRLFReD_MeiNsTeiN
10:22 Feudal Age
10:50 Double-Bit Axe
17:54 Gold Mining
20:34 Castle Age
18:30 Stone Mining
20:26 Forging
21:12 Scale Barding Armor
21:41 Bow Saw
22:08 Gold Shaft Mining
22:42 Iron Casting
23:07 Chain Barding Armor
24:35 Husbandry
25:41 Wheelbarrow
26:23 Loom
27:41 Hand Cart
27:43 Scale Mail Armor
29:36 Squires
33:02 #83
36:49 Arson
41:32 Imperial Age
39:27 Caravan
40:05 Fletching
40:50 Ballistics
40:26 Murder Holes
43:24 Blast Furnace
43:01 Plate Barding Armor
42:46 Chain Mail Armor
41:55 Cavalier
43:09 Conscription
44:31 Coinage
43:34 Paladin
43:36 Light Cavalry
47:05 Chemistry
46:18 Masonry
46:42 Plate Mail Armor
46:08 Bodkin Arrow
47:55 Elite Throwing Axeman
49:15 Hoardings
48:44 Chivalry
49:17 Architecture
48:55 Siege Engineers
49:03 Fortified Wall
48:57 Padded Archer Armor
49:30 Banking
51:04 Leather Archer Armor
54:37 Gambesons
54:13 Pikeman
55:52 Town Watch
56:23 Guard Tower
56:20 Arrowslits
59:31 Town Patrol
59:57 Man-at-Arms
59:57 Halberdier
60:56 Onager
61:17 Heavy Scorpion
61:31 Capped Ram
63:22 Long Swordsman
68:46 Elite Skirmisher
76:44 Two-Handed Swordsman
77:24 Champion
Connection lost

Rejoining the realm…

Still unreachable

The connection could not be restored.

Session expired

The server has moved on; the page needs a fresh start.